Map: Bridgehead LE (Void)

Players

Force

  • Race: Protoss Protoss
  • League: Bronze

SticklerMac - Winner!

  • Race: Terran Terran
  • League: Bronze

VOD

Have the link to the VOD?

Description

Time

  • Played on: July 29, 2015, 10:27 a.m.
  • Length: 11:15
Show
View Real Time Build Order
Export as new Build Order

Force Protoss 

Build Orders:  

Get SALT Encoding   

  12  0:01  Probe  
  13  0:13  Probe  
  14  0:22  Pylon  
  14  0:40  Probe (Chrono Boost)  
  16  0:50  Gateway, Probe (Chrono Boost)  
  16  0:56  Forge  
  16  0:59  Pylon  
  16  1:02  Probe  
  17  1:14  Probe  
  18  1:21  Pylon  
  18  1:26  Probe  
  18  1:49  Nexus  
  18  1:58  Cybernetics Core  
  18  2:03  Assimilator  
  18  2:08  Assimilator  
  18  2:11  Pylon  
  18  2:19  Pylon  
  18  3:01  Probe  
  18  3:02  Probe  
  20  3:05  Warp Gate (Chrono Boost)  
  20  3:14  Probe x2  
  22  3:23  Gateway  
  22  3:24  Gateway  
  22  3:26  Probe x2  
  24  3:30  Pylon  
  24  3:35  Stalker (Chrono Boost)  
  24  3:38  Probe  
  27  3:43  Probe  
  28  3:50  Probe  
  28  3:52  Assimilator  
  28  3:54  Assimilator  
  29  3:56  Probe (Chrono Boost)  
  29  4:02  Probe (Chrono Boost)  
  31  4:14  Probe (Chrono Boost), Adept  
  31  4:16  Adept  
  36  4:20  Probe (Chrono Boost)  
  37  4:31  Mothership Core  
  37  4:33  Photon Cannon  
  37  4:38  Photon Cannon  
  39  4:47  Pylon  
  39  4:51  Protoss Ground Weapons Level 1  
  39  4:52  Probe  
  40  5:04  Probe  
  40  5:05  Probe  
  42  5:16  Probe  
  42  5:17  Probe  
  42  5:20  Photon Cannon  
  44  5:23  Stalker, Photon Cannon  
  44  5:24  Stalker x2  
  44  5:28  Probe  
  51  5:32  Stargate  
  51  5:47  Probe  
  51  5:48  Probe  
  53  5:57  Robotics Facility  
  53  6:00  Probe x2  
  53  6:02  Twilight Council  
  55  6:06  Pylon  
  55  6:13  Pylon  
  55  6:20  Zealot x3  
  55  6:47  Photon Cannon  
  55  6:50  Photon Cannon  
  55  6:55  Photon Cannon  
  55  7:00  Charge  
  55  7:02  Protoss Ground Weapons Level 2  
  55  7:07  Oracle  
  58  7:23  Observer  
  59  7:35  Stalker x3  
  65  7:42  Oracle (Chrono Boost)  
  68  7:44  Observer  
  69  8:01  Dark Shrine  
  69  8:06  Observer  
  70  8:15  Adept x3  
  70  9:17  Robotics Bay  
  70  9:23  Shield Upgrade  
  70  9:31  Nexus  
  70  9:53  Pylon  
  70  10:03  Colossus (Chrono Boost)  
  76  10:12  Adept x3  
  81  10:48  Dark Templar  
  81  10:49  Dark Templar x2  
Show
View Real Time Build Order
Export as new Build Order

SticklerMac Terran - Winner!

Build Orders:  

Get SALT Encoding   

  12  0:01  SCV  
  13  0:13  SCV  
  14  0:19  Supply Depot  
  14  0:26  SCV  
  15  0:41  SCV, Barracks  
  16  0:56  Refinery  
  16  0:57  SCV, Refinery  
  17  1:09  SCV  
  18  1:21  SCV  
  19  1:42  Marine  
  20  1:47  Barracks  
  20  1:49  Barracks  
  20  1:50  SCV  
  21  2:02  SCV  
  22  2:18  Factory  
  22  2:21  Barracks  
  22  2:39  SCV  
  22  2:40  Command Center  
  23  2:48  Supply Depot  
  23  2:55  Barracks Tech Lab  
  23  3:01  Barracks Reactor  
  23  3:04  Supply Depot  
  23  3:17  Starport  
  23  3:26  SCV  
  24  3:27  Marine  
  25  3:36  Marine x2  
  25  3:39  Widow Mine  
  29  4:00  Medivac  
  29  4:01  Supply Depot  
  31  4:09  Barracks Reactor  
  31  4:15  Marine x2  
  31  4:16  Marine  
  34  4:18  Marauder  
  36  4:28  Orbital Command  
  36  4:30  Medivac  
  38  4:36  Orbital Command  
  38  4:38  Marine  
  38  4:39  Marine  
  38  4:44  Marine  
  41  4:56  Engineering Bay  
  41  5:00  Medivac  
  41  5:04  Engineering Bay  
  43  5:10  Marine x2  
  43  5:11  Marine  
  43  5:14  Marine  
  47  5:27  SCV x2  
  49  5:39  SCV  
  49  5:42  Marauder  
  52  5:45  Marine x3  
  52  5:46  Marine  
  52  5:47  Marine  
  57  5:58  Terran Infantry Weapons Level 1  
  57  6:00  Terran Infantry Armor Level 1  
  57  6:03  Marine x3  
  57  6:04  Marauder  
  62  6:09  Marine  
  62  6:11  Marine  
  56  6:39  Marauder  
  58  6:40  Marine x4  
  62  6:53  Armory  
  62  7:10  Supply Depot x2  
  62  7:16  Marine x5  
  62  7:17  Marauder  
  69  7:22  Medivac  
  71  7:34  Marine x5  
  76  7:38  Marauder  
  78  7:48  Command Center  
  78  7:50  SCV x2  
  80  7:52  Medivac, Marine x5  
  87  7:59  Marine  
  87  8:02  SCV x2  
  90  8:10  Marine x3  
  93  8:14  SCV  
  84  8:57  SCV  
  84  8:58  SCV  
  84  9:00  Marine  
  84  9:01  Marine x5  
  92  9:09  SCV  
  93  9:10  SCV  
  94  9:18  Marine  
  94  9:19  Marine x5  
  94  9:20  Medivac  
  94  9:22  SCV x2  
  104  9:34  SCV x2  
  104  9:36  Marine x2  
  104  9:37  Marine  
  109  10:44  SCV  
  109  10:45  Marine x2  
  109  10:48  Marine  
  109  10:49  Marine  
  109  10:50  Marine  
  109  10:51  Marine  
  109  10:52  SCV  
Tags
 
Add a new tag
Caveats
  • Supply blocks, unpowered buildings, or Contaminate may cause inaccurate times.
  • Supply counts are checked every 10 seconds.